 Dungeon Crawl Stone Soup version 0.29-a0-474-gdfe5cd140f (webtiles) character file.

Game seed: 448244138733233118

116 bande the Covered (level 5, 0/33 HPs)
             Began as a Gargoyle Fighter on May 24, 2022.
             Was an Initiate of Okawaru.
             Slain by an iguana (9 damage)
             ... on level 4 of the Dungeon.
             The game lasted 00:04:53 (3272 turns).

bande the Covered (Gargoyle Fighter)                Turns: 3272, Time: 00:04:54

Health: 0/33       AC: 16    Str: 20    XL:     5   Next: 1%
Magic:  5/5        EV:  7    Int:  8    God:    Okawaru [......]
Gold:   156        SH:  4    Dex: 11    Spells: 4/4 levels left

rFire   . . .      SeeInvis .   a - +0 war axe
rCold   . . .      Faith    .   c - +0 buckler
rNeg    + . .      Spirit   .   n - +0 chain mail
rPois   ∞          Reflect  .   e - +1 helmet
rElec   +          Harm     .   i - +0 cloak
rCorr   .          Rampage  .   (no gloves)
Will    .....                   (no boots)
Stlth   ..........              (no amulet)
HPRegen 0.11/turn               (no ring)
MPRegen 0.09/turn               (no ring)

@: mighty, slowed, very slow
A: sickness immunity, AC +4, negative energy resistance 1, electricity
resistance, torment resistance 1, petrification resistance
a: Renounce Religion


You were on level 4 of the Dungeon.
You worshipped Okawaru.
Okawaru was noncommittal.
You visited 2 branches of the dungeon, and saw 5 of its levels.

You collected 156 gold pieces.

Inventory:

Hand Weapons
 a - a +0 war axe (weapon)
Missiles
 k - 2 throwing nets (quivered)
Armour
 c - a +0 buckler (worn)
 e - a +1 helmet (worn)
 i - a +0 cloak (worn)
 n - a +0 chain mail (worn)
Wands
 b - a wand of polymorph (6)
Scrolls
 g - a scroll of teleportation
 h - 3 scrolls of amnesia
 p - a scroll of fog {unknown}
Potions
 d - a potion of might
 f - 2 potions of haste
 j - 3 potions of brilliance
 l - a potion of cancellation {unknown}
 m - a potion of ambrosia
 o - 2 potions of curing


   Skills:
 + Level 3.8 Fighting
 + Level 3.1 Axes
 + Level 4.1 Armour
 + Level 3.7 Shields
 * Level 0.3 Invocations
 * Level 0.8 Evocations


You had 4 spell levels left.
You didn't know any spells.
Your spell library contained the following spells:

 Spells                   Type           Power      Damage    Failure   Level
 Magic Dart               Conj           0%         1d3       99%         1
 Searing Ray              Conj           0%         2d4       100%        2
 Confusing Touch          Hex            0%         N/A       100%        3
 Fulminant Prism          Conj/Hex       0%         3d6       100%        4
 Blade Hands              Tmut           0%         N/A       100%        5
 Irradiate                Conj/Tmut      0%         3d13      100%        5
 Yara's Violent Unravell  Hex/Tmut       0%         3d3       100%        5
 Dragon Form              Tmut           0%         N/A       100%        7
 Enfeeble                 Hex            0%         N/A       100%        7


Dungeon Overview and Level Annotations

Branches:
Dungeon (4/15)             Temple (1/1) D:4

Altars:
Cheibriados
Gozag
Kikubaaqudgha
Okawaru
Qazlal
Ru
Trog
Uskayaw
Vehumet
The Shining One

Shops:
D:1 *

Annotations:
D:4 Natasha, Sigmund


Innate Abilities, Weirdness & Mutations

You are immune to sickness and miasma.
Your stone body is resilient. (AC +4)
You are immune to poison.
You resist negative energy. (rN+)
You are resistant to electric shocks. (rElec)
You are resistant to unholy torment.
You are immune to petrification.


Message History

The crimson imp hits you but does no damage.
Natasha barely misses you.
The crimson imp hits you but does no damage.
Sigmund hits you from afar with a +0 scythe.
Natasha mumbles some strange words.
You feel very mighty all of a sudden.
The crimson imp hits you but does no damage.
Natasha wildly gestures.
Natasha glows brightly for a moment.
Natasha barely misses you.
Sigmund hits you from afar with a +0 scythe.
The crimson imp closely misses you.
Natasha mumbles some strange words.
You barely miss the shadow imp. You closely miss the crimson imp.
You closely miss Natasha. The shadow imp barely misses you.
The crimson imp completely misses you. Sigmund hits you but does no damage.
Natasha completely misses you. The shadow imp gestures at you.
Pain shoots through your body!
The crimson imp blinks!
The iguana barely misses you. Natasha closely misses you.
You slash the shadow imp!
You kill the shadow imp!
The shadow imp disappears in a puff of smoke!
You closely miss Natasha. You closely miss the iguana.
You slash the crimson imp!
The crimson imp disappears in a puff of smoke!
Sigmund hits you from afar with a +0 scythe!
The iguana bites you but does no damage.
Natasha claws you.
* * * LOW HITPOINT WARNING * * *
Sigmund gestures wildly while chanting.
Sigmund flickers and vanishes!
Deactivating autopickup; reactivate with Ctrl-A.
The iguana bites you but does no damage.
The iron imp hits you but does no damage.
Natasha barely misses you.
You hit the iron imp.
The iron imp is lightly wounded.
You hit Natasha. You slash the iguana! The iguana bites you!
You die...

...........<#
#..................
...........##
.#######....####.#
##.######....
...........)....# .....
#########.######.######.#
......
.......######..#####.#
.......
########†...$..........
... ...
.....§.#...............
.......#...............
......5@l...........##.
.....{h.............#
....................#
.............#####+##
.............#
............##
............#
........####.


You could see an iguana, an iron imp (summoned) and Natasha.

Vanquished Creatures
  Natasha (D:4)
  2 adders (D:2)
  3 worms
  A dart slug (D:1)
  9 endoplasms
  5 giant cockroaches
  9 goblins
  5 hobgoblins
  5 kobolds
  3 quokkas
  4 ball pythons
  3 bats
  4 frilled lizards
  5 rats
59 creatures vanquished.

Vanquished Creatures (others)
  8 plants (D:1)
8 creatures vanquished.

Grand Total: 67 creatures vanquished

Notes
Turn   | Place    | Note
-------+----------+-------------------------------------------
     0 | D:1      | bande the Gargoyle Fighter began the quest for the Orb.
     0 | D:1      | Reached XP level 1. HP: 14/14 MP: 1/1
   214 | D:1      | Reached XP level 2. HP: 19/19 MP: 2/2
   246 | D:1      | Found Cyom's Assorted Antiques.
  1004 | D:2      | Reached XP level 3. HP: 23/23 MP: 3/3
  1567 | D:2      | Reached skill level 4 in Armour
  1567 | D:2      | Reached XP level 4. HP: 29/29 MP: 4/4
  2751 | D:3      | Identified the +1 ring mail "Merphuom" {+Inv rElec rPois
                  | Dex-2}
  2825 | D:4      | Found a staircase to the Ecumenical Temple.
  2844 | D:4      | Noticed Natasha
  2845 | Temple   | Entered the Ecumenical Temple
  2962 | Temple   | Became a worshipper of Warmaster Okawaru
  3007 | D:4      | Killed Natasha
  3205 | D:4      | Reached XP level 5. HP: 23/33 MP: 5/5
  3259 | D:4      | Noticed Natasha
  3262 | D:4      | Noticed Sigmund
  3272 | D:4      | Slain by an iguana

Illustrated notes

Levels and vault maps discovered:
D:1:      sevenhm_arrival_forest_fort_large_2, layout_loops_ring, serial_bayou,
          serial_bayou_shore_a, serial_bayou_shore_b, serial_bayou_pond_b,
          serial_bayou_shore_b, serial_bayou_shore_b, serial_shops,
          nicolae_shop_overgrown_old_shop
D:2:      layout_loops_ring, minmay_octomino_e4
D:3:      layout_basic
D:4:      layout_basic, temple_statues, kennysheep_decorative_pillar,
          minmay_misc_feat_roman, uniq_sigmund, uniq_natasha
Temple:   regret_index_temple_generic_petals

Skill      XL: |  1  2  3  4 |
---------------+-------------+-----
Axes           | 2 3 |  3.1
Armour         | 4 |  4.1
Fighting       | |  3.8
Shields        | |  3.7
Invocations    | |  0.3
Evocations     | |  0.8

Action                   |  1- 3 |  4- 6 || total
-------------------------+-------+-------++-------
Melee: War axe           |   100 |   105 ||   205
  Use: Scroll            |     5 |     4 ||     9
       Potion            |       |     1 ||     1
Armor: Scale mail        |    68 |       ||    68
       Chain mail        |    19 |    73 ||    92
Dodge: Dodged            |    68 |    41 ||   109
Block: Buckler           |    25 |    15 ||    40

Table legend: (Time is in decaauts)
 A = Elapsed time spent in this place.
 B = Non-inter-level travel time spent in this place.
 C = Inter-level travel time spent in this place.
 D = Time resting spent in this place.
 E = Time spent auto-exploring this place.
 F = Levels seen in this place.
 G = Mean time per level.
                   A        B        C        D        E       F      G
               +--------+--------+--------+--------+--------+-----+--------+
         Total |   3383 |   3331 |     52 |    448 |   2204 |   5 |  676.6 |
       Dungeon |   3234 |   3208 |     26 |    448 |   2112 |   4 |  808.5 |
        Temple |    149 |    123 |     26 |      0 |     92 |   1 |  149.0 |
               +--------+--------+--------+--------+--------+-----+--------+

Top non-repeatable levels by time:
     D:1: 1049 daAuts
     D:2: 1014 daAuts
     D:3: 791 daAuts
     D:4: 379 daAuts
  Temple: 149 daAuts
